 Dungeon Sprint DCSS version 0.27-a0-1149-g4505690ab0 (webtiles) character file.

Game seed: 11670617770176167073

2809 fozzywoppz the Peltast (level 9, -5/78 HPs)
             Began as a Gargoyle Fighter on May 13, 2021.
             Was a High Priest of Okawaru.
             Slain by a death knight
             ... wielding a +0 broad axe
              (27 damage)
             ... in the Dungeon (Sprint IX: "|||||||||||||||||||||||||||||").
             The game lasted 00:03:19 (360 turns).

fozzywoppz the Peltast (Gargoyle Fighter)            Turns: 360, Time: 00:03:20

Health: -5/78      AC: 16    Str: 21    XL:     9   Next: 72%
Magic:  15/15      EV: 11    Int: 11    God:    Okawaru [*****.]
Gold:   0          SH: 14    Dex: 12    Spells: 8/8 levels left

rFire    . . .     SeeInvis .     - Unarmed
rCold    . . .     Faith    .   b - +0 kite shield
rNeg     + . .     Spirit   .   o - +1 scale mail
rPois    ∞         Reflect  .   (no helmet)
rElec    +         Harm     .   m - +0 cloak
rCorr    .         Rampage  .   n - +0 pair of gloves
Will     .....     NoTele   +   (no boots)
Stlth    ..........             (no amulet)
HPRegen  0.23/turn              p - +3 ring of intelligence
MPRegen  0.14/turn              a - +2 ring of evasion

@: berserking, very quick
A: sickness immunity, AC +6, negative energy resistance 1, electricity
resistance, torment resistance 1, petrification resistance
a: Renounce Religion, Heroism, Finesse


You were in the Dungeon.
You worshipped Okawaru.
Okawaru was extremely pleased with you.
You visited 1 branch

Inventory:

Armour
 b - a +0 kite shield (worn)
 m - a +0 cloak (worn)
 n - a +0 pair of gloves (worn)
 o - a +1 scale mail (worn)
Jewellery
 a - a +2 ring of evasion (right hand)
 p - a +3 ring of intelligence (left hand)
Wands
 l - a wand of iceblast (10)
Scrolls
 i - a scroll of blinking
 k - 2 scrolls of amnesia
Potions
 d - 3 potions of curing
 e - a potion of invisibility
 g - 4 potions of magic


   Skills:
 - Level 4.0 Fighting
 - Level 4.0 Armour
 - Level 15.0 Shields
 + Level 14.1 Unarmed Combat
 - Level 9.1 Invocations


You had 8 spell levels left.
You didn't know any spells.
Your spell library was empty.

Dungeon Overview and Level Annotations

Branches:
Dungeon (1/1)

Altars:
Cheibriados
Dithmenos
Elyvilon
Fedhas
Gozag
Hepliaklqana
Kikubaaqudgha
Makhleb
Nemelex Xobeh
Okawaru
Qazlal
Ru
Sif Muna
Trog
Uskayaw
Vehumet
Wu Jian
Xom
Yredelemnul
Zin
The Shining One
Beogh
Jiyva
Lugonu


Innate Abilities, Weirdness & Mutations

You are immune to sickness and miasma.
Your stone body is resilient. (AC +6)
You are immune to poison.
You resist negative energy. (rN+)
You are resistant to electric shocks. (rElec)
You are resistant to unholy torment.
You are immune to petrification.


Message History

There is a glowing silver altar of Zin here.
There is a basalt altar of Yredelemnul here.
There is a shimmering altar of Xom here.
There is an ornate altar of the Wu Jian Council here.
There is a radiant altar of Vehumet here.
There is a hide-covered altar of Uskayaw here.
There is a bloodstained altar of Trog here.
There is a shimmering blue altar of Sif Muna here.
There is a sacrificial altar of Ru here.
There is a stormy altar of Qazlal here.
There is an iron altar of Okawaru here.
There is a sparkling altar of Nemelex Xobeh here.
There is a burning altar of Makhleb here.
There is a corrupted altar of Lugonu here.
There is an ancient bone altar of Kikubaaqudgha here.
There is a viscous altar of Jiyva here.
There is a hazy altar of Hepliaklqana here.
There is an opulent altar of Gozag here.
There is a blossoming altar of Fedhas here.
There is a white marble altar of Elyvilon here.
There is a shadowy altar of Dithmenos here.
There is a snail-covered altar of Cheibriados here.
There is a roughly hewn altar of Beogh here.
There is an open door to the Temple here.
You close the door.
You start resting.
A death knight opens the door.
It is wielding a +0 broad axe.
A red film seems to cover your vision as you go berserk!
You feel yourself moving faster!
You feel mighty!
You punch the death knight!
The death knight is lightly wounded.
You punch the death knight!
The death knight is moderately wounded.
You block the death knight's attack.
You barely miss the death knight.
The death knight is moderately wounded.
You punch the death knight!
The death knight is heavily wounded.
The death knight hits you with a +0 broad axe!!
You die... ▓▓▓▓▓▓▓▓▓▓▓▓▓▓▓▓▓▓▓▓▓▓▓▓▓▓▓▓▓▓▓▓▓ ▓<...'†....)....@p_______________ ▓▓▓▓▓▓▓▓▓▓▓▓▓▓▓▓▓▓▓▓▓▓▓▓▓▓▓▓▓▓▓▓▓

You could see a death knight.

Vanquished Creatures
  2 centaur warriors (D)
  A deep elf pyromancer (D)
  A cyclops (D)
  An unseen horror (D)
  A troll (D)
  A vampire (D)
  A wyvern (D)
  A vampire mosquito (D)
  A howler monkey (D)
  A hound (D)
  An iguana (D)
  An adder zombie (D)
  An orc (D)
  2 bats (D)
  A bat zombie (D)
  2 endoplasms (D)
  A ball python (D)
  A ball python skeleton (D)
21 creatures vanquished.

Notes
Turn   | Place    | Note
-------+----------+-------------------------------------------
     0 | D        | fozzywoppz the Gargoyle Fighter began the quest for the
                  | Orb.
     0 | D        | Reached XP level 1. HP: 14/14 MP: 1/1
    86 | D        | Noticed an iguana
    86 | D        | Noticed a hound
    91 | D        | Reached XP level 2. HP: 17/20 MP: 2/2
   100 | D        | Reached skill level 4 in Shields
   112 | D        | Reached skill level 5 in Shields
   112 | D        | Reached XP level 3. HP: 9/24 MP: 3/3
   121 | D        | Reached skill level 6 in Shields
   121 | D        | Reached skill level 5 in Unarmed Combat
   121 | D        | Reached XP level 4. HP: 27/29 MP: 4/4
   130 | D        | Found a snail-covered altar of Cheibriados.
   130 | D        | Found a shadowy altar of Dithmenos.
   130 | D        | Found a white marble altar of Elyvilon.
   130 | D        | Found a blossoming altar of Fedhas.
   130 | D        | Found an opulent altar of Gozag.
   131 | D        | Found a hazy altar of Hepliaklqana.
   132 | D        | Found a viscous altar of Jiyva.
   133 | D        | Found an ancient bone altar of Kikubaaqudgha.
   134 | D        | Found a corrupted altar of Lugonu.
   135 | D        | Found a burning altar of Makhleb.
   136 | D        | Found a sparkling altar of Nemelex Xobeh.
   137 | D        | Found an iron altar of Okawaru.
   138 | D        | Found a stormy altar of Qazlal.
   139 | D        | Found a sacrificial altar of Ru.
   140 | D        | Found a shimmering blue altar of Sif Muna.
   141 | D        | Found a bloodstained altar of Trog.
   142 | D        | Found a hide-covered altar of Uskayaw.
   143 | D        | Found a radiant altar of Vehumet.
   144 | D        | Found an ornate altar of the Wu Jian Council.
   145 | D        | Became a worshipper of Warmaster Okawaru
   146 | D        | Found a shimmering altar of Xom.
   147 | D        | Found a basalt altar of Yredelemnul.
   148 | D        | Found a glowing silver altar of Zin.
   149 | D        | Found a glowing golden altar of the Shining One.
   209 | D        | Noticed a wyvern
   209 | D        | Noticed a vampire mosquito
   209 | D        | Noticed a troll
   209 | D        | Noticed a vampire
   214 | D        | Killed a wyvern
   215 | D        | Reached skill level 8 in Shields
   215 | D        | Reached skill level 5 in Invocations
   215 | D        | Reached XP level 5. HP: 30/33 MP: 4/8
   224 | D        | Killed a vampire mosquito
   225 | D        | Reached skill level 9 in Shields
   225 | D        | Reached XP level 6. HP: 28/38 MP: 5/11
   230 | D        | Killed a troll
   230 | D        | Reached * piety under Okawaru
   230 | D        | Reached ** piety under Okawaru
   231 | D        | Reached skill level 10 in Shields
   231 | D        | Reached XP level 7. HP: 24/43 MP: 5/13
   244 | D        | Killed a vampire
   245 | D        | Reached skill level 11 in Shields
   250 | D        | Reached skill level 10 in Unarmed Combat
   263 | D        | Noticed a centaur warrior
   263 | D        | Noticed a deep elf pyromancer
   263 | D        | Noticed a cyclops
   263 | D        | Noticed a centaur warrior
   263 | D        | Noticed a death knight
   268 | D        | Killed an unseen horror
   274 | D        | Killed a centaur warrior
   274 | D        | Reached *** piety under Okawaru
   274 | D        | Reached **** piety under Okawaru
   275 | D        | Reached skill level 12 in Shields
   275 | D        | Reached XP level 8. HP: 26/48 MP: 10/14
   283 | D        | Killed a cyclops
   284 | D        | Reached skill level 13 in Shields
   284 | D        | Reached XP level 9. HP: 29/52 MP: 9/15
   292 | D        | Killed a centaur warrior
   292 | D        | Reached ***** piety under Okawaru
   293 | D        | Reached skill level 14 in Shields
   301 | D        | Killed a deep elf pyromancer
   302 | D        | Reached skill level 15 in Shields
   360 | D        | Slain by a death knight

Illustrated notes

Levels and vault maps discovered:
D:        linesprint [early_d, line_temple, items_1, d_10, items_2, lair_1,
          lair_end, items_3, orc_1, orc_end, items_4, d_15, swamp_1, shoals_1,
          snake_1, spider_1, d_20, vaults_1, items_5, swamp_end, shoals_end,
          snake_end, spider_end, vaults_end, d_27, items_6, zot_1, zot_end,
          crypt_end, forest_end, elf_end, slime_end, tomb_end, abyss_end,
          pan_hell_end]

Skill      XL: |  1  2  3  4  5  6  7  8  9 |
---------------+----------------------------+-----
Fighting       | 4 |  4.0
Armour         | 4 |  4.0
Shields        | 5 6 8 9 10 12 13 15 | 15.0
Unarmed Combat | 4 5 7 8 9 11 12 14 | 14.1
Invocations    | 5 6 8 9 |  9.1

Action                   |  1- 3 |  4- 6 |  7- 9 || total
-------------------------+-------+-------+-------++-------
Melee: Unarmed           |    55 |    23 |    61 ||   139
Invok: Heroism           |       |       |     1 ||     1
  Use: Potion            |     1 |     1 |     6 ||     8
       Scroll            |       |       |     1 ||     1
Armor: Scale mail        |    33 |    14 |    27 ||    74
Dodge: Dodged            |    14 |    12 |     6 ||    32
Block: Kite shield       |    24 |    14 |    22 ||    60

Table legend: (Time is in decaauts)
 A = Elapsed time spent in this place.
 B = Non-inter-level travel time spent in this place.
 C = Inter-level travel time spent in this place.
 D = Time resting spent in this place.
 E = Time spent auto-exploring this place.
 F = Levels seen in this place.
 G = Mean time per level.
                   A        B        C        D        E       F      G
               +--------+--------+--------+--------+--------+-----+--------+
         Total |    340 |    340 |      0 |     62 |      0 |   1 |  340.0 |
       Dungeon |    340 |    340 |      0 |     62 |      0 |   1 |  340.0 |
               +--------+--------+--------+--------+--------+-----+--------+

Top non-repeatable levels by time:
       D: 340 daAuts
